 Dungeon Crawl Stone Soup version 0.19-a0-1320-g0178847 (webtiles) character file.

915 4thArraOfDagon the Grappler (level 7, -7/59 HPs)
             Began as a Troll Ice Elementalist on Aug 31, 2016.
             Was an Initiate of Qazlal.
             Mangled by a troll (9 damage)
             ... on level 6 of the Dungeon.
             The game lasted 00:07:55 (1642 turns).

4thArraOfDagon the Grappler (TrIE)                  Turns: 1642, Time: 00:07:56

Health: -7/59      AC:  6    Str: 21 (22) XL:     7   Next: 82%
Magic:  16/16      EV:  9    Int: 11 (13) God:    Qazlal [......]
Gold:   156        SH:  0    Dex:  7 (10) Spells: 1 memorised, 7 levels left

rFire  . . .     SeeInvis +       - Unarmed
rCold  + . .     Gourm    +     y - +0 robe {rC+}
rNeg   . . .     Faith    .     (no shield)
rPois  .         Spirit   .     (helmet restricted)
rElec  .         Dismiss  .     p - +0 cloak
rCorr  .         Reflect  .     (gloves unavailable)
MR     .....     Harm     .     (boots unavailable)
Stlth  +.........               (no amulet)
                                q - ring of magical power
                                f - ring of see invisible

@: mighty
A: unfitting armour, claws 3, fast metabolism 3, gourmand, regeneration 1,
shaggy fur 1, tough skin 2
a: Renounce Religion


You were on level 6 of the Dungeon.
You worshipped Qazlal.
Qazlal was noncommittal.
You were very full.

You visited 2 branches of the dungeon, and saw 9 of its levels.

You collected 156 gold pieces.

Inventory:

Missiles
 k - 4 large rocks (quivered)
 m - a throwing net
Armour
 a - a +0 robe
 p - a +0 cloak (worn)
 y - a +0 robe of cold resistance (worn)
Jewellery
 f - a ring of see invisible (left claw)
 q - a ring of magical power (right claw)
Scrolls
 d - a scroll of recharging {unknown}
 e - 3 scrolls of remove curse {unknown}
 i - a scroll of random uselessness {unknown}
 j - a scroll of noise {unknown}
 r - 2 scrolls of identify {unknown}
 t - a scroll of silence {unknown}
 x - a scroll of enchant weapon {unknown}
Potions
 l - 2 potions of lignification {unknown}
 n - a potion of agility {unknown}
 v - a potion of heal wounds {unknown}
 w - a potion of resistance {unknown}
Books
 b - a book of Frost

   Spells                             Type                      Level
   a - Freeze                         Ice                          1
   b - Throw Frost                    Conjuration/Ice              2
   c - Ozocubu's Armour               Charms/Ice                   3
   d - Throw Icicle                   Conjuration/Ice              4
   e - Summon Ice Beast               Ice/Summoning                4
Comestibles
 c - 4 bread rations
 h - a beef jerky
 o - 2 meat rations


   Skills:
 - Level 1.5 Dodging
 - Level 1.1 Stealth
 * Level 8.9 Unarmed Combat
 - Level 1.2 Spellcasting
   Level 0.6 Conjurations
 - Level 2.1 Ice Magic


You had 7 spell levels left.
You knew the following spells:

 Your Spells              Type           Power        Failure   Level  Hunger
a - Freeze                Ice            #...         14%         1    ##.....


Dungeon Overview and Level Annotations

Branches:
Dungeon (8/15)             Temple (1/1) D:5
   Lair: D:8-11

Altars:
Ashenzari
Hepliaklqana
Nemelex Xobeh
Qazlal
Ru
Trog
Vehumet
Zin
The Shining One


Innate Abilities, Weirdness & Mutations

You are too large for most types of armour.
You have claws for hands.
Your metabolism is lightning-fast.
You like to eat raw meat.
Your natural rate of healing is unusually fast.
You are covered in fur. (AC +1)
You have very tough skin. (AC +2)


Message History

You closely miss the troll. You closely miss the troll. The troll bites you!
The troll claws you!
* * * LOW HITPOINT WARNING * * *
The troll claws you!
* * * LOW HITPOINT WARNING * * *
You barely miss the troll. The troll bites you.
* * * LOW HITPOINT WARNING * * *
The troll claws you but does no damage. The troll claws you.
* * * LOW HITPOINT WARNING * * *
Unknown command.
Unknown command.
Unknown command.
Unknown command.
It was a potion of degeneration.
There was something very wrong with that liquid.
You feel weakened.
You feel dopey.
You feel clumsy. The troll bites you.
* * * LOW HITPOINT WARNING * * *
The troll closely misses you. The troll claws you!
You die...

#.# #.##.###.. #.#
#.##.# #.. #########.#
#....# #..
#.........##########
#.. # #..............
#.. .. #
#.........####### #..
#.#.####'#.............
#.. ..
...#.#.####.#..... #..
#.##.#.#...@T<# ####
#.) #......######5# #..
#########.ooo.5.o.o#
#..
...........#########
#.. ##(.).............
... #.#####...#######
#.. # #...# ....#
###..#


You could see a troll and a shadow imp.

Vanquished Creatures
  An orc warrior (D:7)
  A sky beast (D:5)
  An ice beast (D:7)
  A centaur (D:7)
  A scorpion (D:5)
  A crimson imp (D:6)
  A wasp zombie (D:5)
  2 centaur skeletons
  4 orc priests (D:6)
  4 orc wizards
  3 worker ants
  A worker ant zombie (D:5)
  3 gnolls (D:4)
  A worm (D:3)
  A dart slug (D:3)
  2 giant geckos
  9 orcs
  2 giant cockroaches
  2 hobgoblins (D:1)
  3 kobolds (D:1)
  A quokka (D:6)
  4 bats (D:1)
  2 giant newts (D:1)
  A goblin (D:1)
  4 rats
56 creatures vanquished.

Notes
Turn   | Place    | Note
-------+----------+-------------------------------------------
     0 | D:1      | 4thArraOfDagon the Troll Ice Elementalist began the quest for the Orb.
     0 | D:1      | Reached XP level 1. HP: 16/16 MP: 1/1
    88 | D:1      | Reached skill level 1 in Unarmed Combat
   175 | D:1      | Reached XP level 2. HP: 24/24 MP: 2/2
   303 | D:1      | Reached skill level 2 in Unarmed Combat
   370 | D:3      | Reached skill level 3 in Unarmed Combat
   370 | D:3      | Reached XP level 3. HP: 31/31 MP: 3/3
   377 | D:3      | Reached XP level 4. HP: 25/39 MP: 4/4
   516 | D:4      | Reached skill level 4 in Unarmed Combat
   541 | D:4      | Reached XP level 5. HP: 30/45 MP: 5/5
   622 | D:5      | Entered Level 5 of the Dungeon
   632 | D:5      | Reached skill level 5 in Unarmed Combat
   703 | D:5      | You fall through a shaft for 3 floors!
   791 | D:7      | Noticed a centaur
   801 | D:7      | Killed a centaur
   801 | D:7      | Reached skill level 6 in Unarmed Combat
   801 | D:7      | Reached XP level 6. HP: 24/53 MP: 6/6
   803 | D:7      | Noticed an orc warrior
   823 | D:7      | Killed an orc warrior
   887 | D:7      | Noticed an ice beast
   898 | D:7      | Killed an ice beast
   898 | D:7      | Reached skill level 7 in Unarmed Combat
   958 | D:6      | Reached XP level 7. HP: 24/59 MP: 7/7
  1201 | D:5      | Found a staircase to the Ecumenical Temple.
  1208 | Temple   | Entered the Ecumenical Temple
  1275 | Temple   | Became a worshipper of Qazlal Stormbringer
  1276 | Temple   | ok...
  1389 | D:5      | Reached skill level 8 in Unarmed Combat
  1406 | D:5      | Turgon: Was a High Priest of Sif Muna. Killed from afar by a deep elf annihilator (70 damage)... with an iron shot
  1447 | D:5      | Turgon: Ouch! That really hurt.
  1544 | D:5      | Turgon: ?? deep elf annihilator
  1547 | D:5      | beem: deep elf annihilator[1/1]: Painful until they cast crystal spear or bankshot you with lightning, then they become deadly.
  1583 | D:5      | Turgon: @? deep elf annihilator
  1590 | D:6      | beem: deep elf annihilator (e)
                  | Spd:
    10 | HD: 15   | HP: 54-77
                  | AC/EV: 1/12
                  | Dam: 12
                  | weapons, items, doors, spellcaster, see invisible
                  | Res: magic(120)
                  | XP: 1258
                  | Sp: b.lightning (3d20), poison arrow (3d22), iron shot (3d28), crystal spear (3d34), blink
                  | Sz: Medium
                  | Int: human.
  1599 | D:6      | Turgon: 3d28
  1620 | D:6      | Turgon: Bad luck when it's 70
  1625 | D:6      | Noticed a troll
  1642 | D:6      | HP: 2/59 [troll (4)]
  1642 | D:6      | Mangled by a troll

Vault maps used:
D:1:      dpeg_arrival_short_road
D:2:      minmay_unequal
D:3:      first_bread
D:4:      minmay_diamond_boxcup
D:5:      grunt_qazlal_clouds, uniq_sigmund, uniq_blork_the_orc
D:6:      serial_shops, shop_statue
D:7:      grunt_ogre_cave, minmay_holes, corner_web_ring
D:8:      gammafunk_temple_overflow_claw
Temple:   dpeg_five_rooms_temple

Skill      XL: |  1  2  3  4  5  6  7 |
---------------+----------------------+-----
Unarmed Combat | 1 3 4 6 7 8 |  8.9
Dodging        | |  1.5
Stealth        | |  1.1
Spellcasting   | |  1.2
Conjurations   | |  0.6
Ice Magic      | |  2.1

Action                   |  1- 3 |  4- 6 |  7- 9 || total
-------------------------+-------+-------+-------++-------
Melee: Unarmed           |    59 |   106 |    73 ||   238
       Punch             |       |       |     2 ||     2
  Use: Potion            |       |       |     4 ||     4
 Stab: Sleeping          |     3 |       |     1 ||     4
  Eat: Chunk             |       |    12 |     5 ||    17
       Beef jerky        |       |     1 |       ||     1
       Fruit             |       |       |     1 ||     1
Armor: Robe              |    19 |    17 |    17 ||    53
Dodge: Dodged            |    33 |    43 |    29 ||   105
